 Dungeon Crawl Stone Soup version 0.20.0-15-g7f486f2 (webtiles) character file.

4765 greprep the Carver (level 10, -2/86 HPs)
             Began as a Minotaur Fighter on June 9, 2017.
             Was an Initiate of Ashenzari.
             Slain by a hornet (8 damage)
             ... on level 9 of the Dungeon.
             The game lasted 00:21:13 (9543 turns).

greprep the Carver (Minotaur Fighter)               Turns: 9543, Time: 00:21:14

Health: -2/86      AC:  8    Str: 22    XL:     10   Next: 23%
Magic:  9/9        EV: 14    Int:  3    God:    Ashenzari [......]
Gold:   510        SH: 12    Dex: 20    Spells: 9/9 levels left

rFire    + + .     SeeInvis .   p - +6 mace "Xinyp" {venom, rC+++ rN+ MR+ Str-4}
rCold    + + +     Gourm    .   c - +0 shield
rNeg     + . .     Faith    .   B - +2 leather armour of Disappointment {Str+3 Int-2 Dex+9 Stlth-}
rPois    .         Spirit   .   (helmet restricted)
rElec    .         Reflect  .   o - scarf {rC+ rF+}
rCorr    .         Harm     .   K - +0 pair of gloves
MR       +....                  D - +0 pair of boots
Stlth    ..........             (no amulet)
Regen    0.3/turn               w - ring of protection from fire
MPRegen  0.2/turn               (no ring)

@: no status effects
A: retaliatory headbutt, horns 2
a: Curse Item, Renounce Religion


You were on level 9 of the Dungeon.
You worshipped Ashenzari.
Ashenzari was noncommittal.
You were not hungry.

You visited 2 branches of the dungeon, and saw 10 of its levels.

You collected 510 gold pieces.

Inventory:

Hand Weapons
 a - a +0 long sword
 p - the +6 mace "Xinyp" (weapon) {venom, rC+++ rN+ MR+ Str-4}
   (You found it on level 8 of the Dungeon)

   It poisons the flesh of those it strikes.
   It affects your strength (-4).
   It renders you almost immune to cold.
   It protects you from negative energy.
   It affects your resistance to hostile enchantments.
 M - a +5 falchion
Armour
 c - a +0 shield (worn)
 o - a scarf of resistance (worn)
 B - the +2 leather armour of Disappointment (worn) {Str+3 Int-2 Dex+9 Stlth-}
   (You found it on level 5 of the Dungeon)

   It affects your strength (+3).
   It affects your intelligence (-2).
   It affects your dexterity (+9).
   It makes you less stealthy.
 D - a +0 pair of boots (worn)
 K - a +0 pair of gloves (worn)
Jewellery
 w - a ring of protection from fire (left hand)
Wands
 b - a wand of enslavement (6/24)
 v - a wand of flame (21/48)
 y - a wand of iceblast (7/15)
 E - a wand of random effects (37/48)
 F - a wand of scattershot (2/9)
 H - a wand of polymorph (14/24)
 L - a wand of iceblast (3/15)
Scrolls
 e - 2 scrolls of enchant weapon
 h - a scroll of magic mapping {unknown}
 i - a scroll of immolation {unknown}
 k - 2 scrolls of enchant armour {unknown}
 l - 3 scrolls of remove curse
 q - 6 scrolls of fog
 s - a scroll of identify
 u - 4 scrolls of teleportation
 A - a scroll of blinking {unknown}
 C - a scroll of fear {unknown}
 J - a scroll of recharging {unknown}
Potions
 d - 2 potions of invisibility
 g - a potion of agility
 m - 5 potions of curing
 t - 2 potions of haste
 z - a potion of ambrosia {unknown}
 G - 2 potions of brilliance
Books
 x - a book of Maledictions

   Spells                             Type                      Level
   a - Corona                         Hexes                        1
   b - Ensorcelled Hibernation        Hexes/Ice                    2
   c - Confuse                        Hexes                        3
   d - Tukima's Dance                 Hexes                        3
   e - Dazzling Spray                 Conjuration/Hexes            3
 I - a book of Cantrips

   Spells                             Type                      Level
   a - Confusing Touch                Hexes                        1
   b - Animate Skeleton               Necromancy                   1
   c - Summon Small Mammal            Summoning                    1
   d - Apportation                    Translocation                1
Comestibles
 f - 5 bread rations
 j - 3 royal jellies
 n - 3 meat rations
 r - 27 fruits


   Skills:
 + Level 7.4 Fighting
 - Level 10.9 Long Blades
 * Level 5.5 Maces & Flails
 + Level 7.4 Armour
 + Level 5.3 Dodging
 + Level 8.4 Shields


You had 9 spell levels left.
You didn't know any spells.

Dungeon Overview and Level Annotations

Branches:
Dungeon (9/15)             Temple (1/1) D:5            Lair (0/6) D:8
    Orc: D:9-12

Altars:
Ashenzari
Cheibriados
Dithmenos
Elyvilon
Fedhas
Gozag
Hepliaklqana
Kikubaaqudgha
Makhleb
Nemelex Xobeh
Okawaru
Qazlal
Ru
Sif Muna
Trog
Uskayaw
Vehumet
Xom
Yredelemnul
Zin
The Shining One


Innate Abilities, Weirdness & Mutations

You reflexively headbutt those who attack you in melee.
You have a pair of horns on your head.


Message History

The hornet is lightly wounded.
The hornet closely misses you. You block the orc warrior's attack.
You block the hornet's attack. You block the hornet's attack.
The hornet stings you.
You feel yourself slow down.
You closely miss the hornet.
The hornet is lightly wounded.
You feel yourself speed up. You block the hornet's attack.
The orc warrior hits you from afar with a glaive!!
* * * LOW HITPOINT WARNING * * *
The hornet misses you. You furiously retaliate!
You headbutt the hornet.
The orc warrior hits you from afar with a glaive!
* * * LOW HITPOINT WARNING * * *
You block the hornet's attack. The hornet closely misses you.
You furiously retaliate!
You headbutt the hornet, but do no damage.
The hornet closely misses you. The hornet stings you!
You die...

.................................
)................................
............................###..
...........................## ###
...........................# #
..........................##
...........................#
........................##.## ##
.............o.y@.......##..####.
†.†....................###.))....
.......................##...##..(
..........................#####..
.........................## ##.
.........................# ##
.........................# #.
.........................# #.
.........................# ##.


You could see a hornet and an orc warrior.

Vanquished Creatures
  Psyche (D:8)
  2 trolls (D:9)
  Prince Ribbit (D:6)
  The ghost of HUIXAX the Spear-Bearer, an amateur MfGl (D:4)
  A hippogriff (D:8)
  Grum (D:8)
  2 hungry ghosts
  An ice beast (D:6)
  4 sky beasts
  2 ogres
  A phantom (D:4)
  3 wolves (D:8)
  A crocodile (D:9)
  A big kobold (D:8)
  2 bullfrogs (D:7)
  2 scorpions
  5 wights (D:9)
  A howler monkey (D:5)
  5 crimson imps
  A centaur zombie (D:7)
  A bullfrog zombie (D:8)
  5 jellies
  4 hounds
  7 orc priests
  An iron imp (D:5)
  A centaur skeleton (D:7)
  4 iguanas
  7 orc wizards
  5 worker ants
  A killer bee zombie (D:6)
  3 hound skeletons
  A worker ant zombie (D:8)
  A howler monkey skeleton (D:8)
  7 adders
  2 shadow imps
  An ooze (D:7)
  A worm zombie (D:4)
  4 adder skeletons
  2 worms
  2 dart slugs (D:1)
  7 leopard geckos
  38 orcs
  2 ball pythons
  5 bats
  4 giant cockroaches
  7 goblins
  4 hobgoblins
  16 jackals
  5 kobolds
  3 quokkas
  8 frilled lizards
  2 jackal skeletons
  8 rats
207 creatures vanquished.

Vanquished Creatures (others)
  A plant (D:8)
1 creature vanquished.

Grand Total: 208 creatures vanquished

Notes
Turn   | Place    | Note
-------+----------+-------------------------------------------
     0 | D:1      | greprep the Minotaur Fighter began the quest for the Orb.
     0 | D:1      | Reached XP level 1. HP: 19/19 MP: 0/0
   204 | D:1      | Reached XP level 2. HP: 27/27 MP: 1/1
   594 | D:1      | Reached skill level 3 in Long Blades
   758 | D:2      | Noticed a dagger
   759 | D:2      | Noticed a hand axe
   777 | D:2      | Found a hide-covered altar of Uskayaw.
   812 | D:2      | Reached XP level 3. HP: 33/33 MP: 2/2
  1808 | D:4      | Reached XP level 4. HP: 16/41 MP: 3/3
  2032 | D:4      | Noticed HUIXAX's ghost (amateur MfGl)
  2086 | D:4      | Reached skill level 4 in Long Blades
  2086 | D:4      | Reached skill level 1 in Dodging
  2086 | D:4      | Reached XP level 5. HP: 33/47 MP: 4/4
  2450 | D:4      | HP: 1/47 [leopard gecko (3)]
  2465 | D:4      | Killed HUIXAX's ghost
  2465 | D:4      | Reached skill level 5 in Long Blades
  2465 | D:4      | Reached skill level 5 in Armour
  2465 | D:4      | Reached XP level 6. HP: 6/55 MP: 5/5
  2477 | D:4      | HP: 3/82 [hound (4)]
  3032 | D:4      | Found a blossoming altar of Fedhas.
  3079 | D:4      | Reached skill level 5 in Fighting
  3079 | D:4      | Reached skill level 6 in Long Blades
  3377 | D:4      | Reached XP level 7. HP: 55/61 MP: 6/6
  3503 | D:5      | Entered Level 5 of the Dungeon
  4169 | D:5      | Found a snail-covered altar of Cheibriados.
  4240 | D:5      | Reached skill level 5 in Shields
  4426 | D:5      | Reached skill level 7 in Long Blades
  4568 | D:5      | Found a staircase to the Ecumenical Temple.
  4613 | Temple   | Entered the Ecumenical Temple
  4898 | D:5      | Got a slimy leather armour
  4909 | D:5      | Identified the +2 leather armour of Disappointment {Str+3 Int-2 Dex+9 Stlth-} (You found it on level 5 of the Dungeon)
  4955 | D:5      | Reached XP level 8. HP: 68/68 MP: 7/7
  5043 | D:5      | Reached skill level 8 in Long Blades
  5311 | D:6      | Found a sacrificial altar of Ru.
  5372 | D:6      | Noticed Prince Ribbit
  5389 | D:6      | Reached skill level 9 in Long Blades
  5393 | D:6      | Killed Prince Ribbit
  5917 | D:6      | Reached skill level 10 in Long Blades
  6124 | D:7      | Found an opulent altar of Gozag.
  6245 | D:7      | Reached XP level 9. HP: 62/75 MP: 8/8
  7064 | D:8      | Found an iron altar of Okawaru.
  7084 | D:8      | Got a bone mace
  7085 | D:8      | Identified the +6 mace "Xinyp" {venom, rC+++ rN+ MR+ Str-4} (You found it on level 8 of the Dungeon)
  7154 | D:8      | Noticed Psyche
  7164 | D:8      | Killed Psyche
  7502 | D:8      | Found a glowing silver altar of Zin.
  7502 | D:8      | Found a white marble altar of Elyvilon.
  7503 | D:8      | Found a glowing golden altar of the Shining One.
  7627 | D:8      | Noticed Grum
  7643 | D:8      | Killed Grum
  7829 | D:8      | Noticed a komodo dragon
  7829 | D:8      | Found a staircase to the Lair.
  8618 | D:8      | Found a shattered altar of Ashenzari.
  8626 | D:8      | Became a worshipper of Ashenzari the Shackled
  8717 | D:9      | Found a hazy altar of Hepliaklqana.
  8774 | D:9      | Noticed a troll
  8783 | D:9      | Killed a troll
  8897 | D:9      | Reached skill level 5 in Dodging
  8897 | D:9      | Reached XP level 10. HP: 68/84 MP: 9/9
  9168 | D:9      | Reached skill level 5 in Maces & Flails
  9543 | D:9      | Slain by a hornet

Skill      XL: |  1  2  3  4  5  6  7  8  9 10 |
---------------+-------------------------------+-----
Fighting       | 4 5 6 7 |  7.4
Long Blades    | 3 4 5 6 7 10 | 10.9
Armour         | 4 5 6 7 |  7.4
Dodging        | 1 2 3 5 |  5.3
Shields        | 4 5 6 8 |  8.4
Maces & Flails | 4 5 |  5.5

Action                   |  1- 3 |  4- 6 |  7- 9 | 10-12 || total
-------------------------+-------+-------+-------+-------++-------
Melee: Long sword        |   125 |    78 |   284 |     2 ||   489
       Headbutt          |    16 |    11 |   102 |    19 ||   148
       Mace              |       |       |     5 |    70 ||    75
  Use: Potion            |       |     5 |     1 |       ||     6
       Scroll            |       |       |     9 |       ||     9
  Eat: Chunk             |     2 |       |     6 |     1 ||     9
       Meat ration       |       |     1 |     1 |       ||     2
       Bread ration      |       |       |     1 |       ||     1
       Fruit             |       |       |     3 |     3 ||     6
Armor: Scale mail        |    51 |    35 |    32 |       ||   118
       Skin              |       |    17 |       |       ||    17
       Leather armour    |       |       |    26 |    16 ||    42
Dodge: Dodged            |    38 |    33 |    97 |    67 ||   235
Block: Shield            |    52 |    67 |   167 |    95 ||   381
       Rpst.: Long sword |     7 |    10 |    20 |       ||    37
